Unix NetHack Version 3.7.0-97 Work-in-progress - last build Jan 20 2024 17:37:35 (157cf090cb53e479d994ec1a4552202481ff9585,branch:master). Game began 2024-01-24 10:43:06, ended 2024-01-25 12:35:14. walls, lawful female dwarven Archeologist ------- ------- |>.|..| --|.u.Fi| |..)..| |.~~....| ---.--.| |-|.~...|-- ----....|0-- |.-.F~b(%.| |.......|..-- |-|.e@fo|.| |%.%.---|...| |?-ee0.%|.| |....|..|...| --|.....|.| |....0..|...| ------|.| --....|......-- |.| |.....|..|....| |.| |.....|--|....| |.| |..|.-- --...| |.| ----.| ----- |.| |..-------------------.| |......................| ------------------------ Walls the Exhumer St:17 Dx:15 Co:16 In:15 Wi:16 Ch:10 Lawful S:34006 Dlvl:4 $:290 HP:0(114) Pw:38(38) AC:-4 Xp:10/7785 T:22308 Latest messages: A mysterious force prevents the tengu from teleporting! The housecat bites! The housecat just misses! The housecat misses! The housecat bites! The housecat bites! The housecat bites! A mysterious force prevents the tengu from teleporting! The housecat bites! A mysterious force prevents the tengu from teleporting! The housecat bites! The housecat bites! The housecat misses! The housecat bites! The housecat bites! The housecat misses! The housecat bites! The housecat bites! The housecat bites! The housecat misses! The housecat bites! A mysterious force prevents the tengu from teleporting! The housecat bites! The housecat bites! The housecat just misses! The housecat bites! The housecat bites! The housecat bites! The housecat bites! The housecat bites! The housecat just misses! The housecat bites! A mysterious force prevents the tengu from teleporting! The housecat bites! The housecat bites! The housecat misses! The housecat bites! A mysterious force prevents the tengu from teleporting! The housecat bites! A mysterious force prevents the tengu from teleporting! The housecat bites! A mysterious force prevents the tengu from teleporting! The housecat misses! The housecat bites! You die... Do you want your possessions identified? [ynq] (y) y Do you want to see your attributes? [ynq] (y) y Do you want an account of creatures vanquished? [ynaq] (y) n Do you want to see your conduct and achievements? [ynq] (y) y Do you want to see the dungeon overview? [ynq] (y) y Inventory: Coins $ - 290 gold pieces Weapons i - 3 +0 darts (at the ready) P - 2 +0 shuriken O - a +0 elven dagger a - a blessed +2 bullwhip Armor v - an uncursed +1 orcish helm (being worn) x - an uncursed very burnt +0 pair of leather gloves (being worn) K - an uncursed +0 pair of speed boots (being worn) w - an uncursed burnt +0 cloak of protection (being worn) o - an uncursed +1 mummy wrapping h - an uncursed +0 dwarvish mithril-coat (being worn) Comestibles E - 2 uncursed food rations R - an uncursed cockatrice corpse (alternate weapon; not wielded) y - 2 uncursed lizard corpses Potions b - an uncursed potion of object detection Rings M - an uncursed ring of invisibility Z - an uncursed ring of slow digestion Wands G - a wand of cold named d (0:0) k - a wand of digging (0:4) Q - a wand of digging (0:1) S - a wand of lightning named d (0:0) B - a wand of secret door detection (0:13) j - a wand of secret door detection (0:10) l - a wand of slow monster (0:4) N - a wand of teleportation (0:5) p - a wand of teleportation (0:3) Tools z - an uncursed sack containing 3 items t - an expensive camera (0:65) A - a cursed magic whistle e - a +0 pick-axe m - an uncursed skeleton key c - an uncursed stethoscope Y - a tinning kit (0:64) T - an uncursed towel X - a +0 unicorn horn (weapon in hands) Gems/Stones C - 2 uncursed amethyst stones q - 3 uncursed diamonds d - 5 uncursed emeralds U - an uncursed ruby J - a blessed luckstone g - an uncursed touchstone Contents of the sack: an uncursed scroll of enchant armor an uncursed scroll of teleportation 2 cursed scrolls of teleportation Walls the Archeologist's attributes: Background: You were an Exhumer, a level 10 female dwarven Archeologist. You were lawful, on a mission for Quetzalcoatl who was opposed by Camaxtli (neutral) and Huhetotl (chaotic). You were right-handed. You were in Sokoban, on level 4. You entered the dungeon 22308 turns ago. There was a full moon in effect when your adventure ended. You had 7785 experience points, 2215 more were needed to attain level 11. Your score was 34006 before end-of-game adjustments. Basics: You had 0 out of 114 hit points. You had all 38 energy points (spell power). Your armor class was -4. Your wallet contained 290 zorkmids. Autopickup was off. Final Characteristics: Your strength was 17 (limit:18/100). Your dexterity was 15 (limit:20). Your constitution was 16 (limit:20). Your intelligence was 15 (limit:16). Your wisdom was 16 (limit:16). Your charisma was 10 (limit:16). Final Status: You weren't hungry. You were unencumbered. You were wielding a unicorn horn. You were skilled in unicorn horn. Final Attributes: You were piously aligned. You were cold resistant. You were sleep resistant. You were poison resistant. You saw invisible. You were telepathic. You had automatic searching. You had infravision. You were invisible to others. You were stealthy. You had a small defense bonus (+3). You were protected. You were very fast. You were extremely lucky. You had extra luck. Good luck did not time out for you. You are dead. Miscellaneous: You never encountered a bones level. Total elapsed playing time was 6 hours, 59 minutes and 52 seconds. Major events: Turn 1: walls the lawful female dwarven Archeologist entered the dungeon 54: found Grimtooth on the floor 1349: attained the rank of Field Worker (level 3) 1561: entered the Gnomish Mines 3238: reached Mine Town 5406: attained the rank of Investigator (level 6) 17324: entered Sokoban 17808: completed 1st Sokoban level 19723: attained the rank of Exhumer (level 10) 20054: completed 2nd Sokoban level 20496: completed 3rd Sokoban level 21318: completed 4th Sokoban level 22308: killed by a housecat, while frozen by a floating eye's gaze Vanquished creatures: a vampire a giant mimic 2 stalkers a water elemental an elf-noble a warg a winter wolf 4 small mimics a xan an ettin mummy an ogre leader a quantum mechanic 3 trolls a gelatinous cube a pyrolisk 2 large dogs a tiger 2 gargoyles an ochre jelly a leocrotta an elf mummy a human mummy 2 red nagas a wraith a carnivorous ape 2 leather golems a soldier 4 watchmen a chameleon 2 crocodiles 2 giant beetles 3 quivering blobs 2 cockatrices 6 wolves 2 winter wolf cubs 2 panthers a gremlin 2 leprechauns an iron piercer 3 giant spiders 2 scorpions a horse 2 black lights 2 gnome rulers 2 dwarf mummies 9 brown puddings an owlbear a yeti 2 gold golems 4 werewolves 2 Green-elves 7 lizards 2 chickatrices a dog a housecat 3 jaguars a white unicorn 2 gray unicorns a black unicorn 3 dust vortices 2 ravens 4 gnome mummies a snake 2 apes 7 human zombies 3 Woodland-elves 4 soldier ants 4 fire ants 6 bugbears 2 imps 2 quasits a wood nymph 3 water nymphs 2 mountain nymphs 8 Mordor orcs 8 Uruk-hai an orc shaman 6 rock piercers a rock mole 5 ponies a fog cloud 3 yellow lights a shrieker 4 violet fungi 12 gnome leaders a gnomish wizard a kobold mummy 3 gray oozes 9 elf zombies 3 straw golems 3 paper golems 15 giant ants 2 little dogs 12 floating eyes 3 kittens 8 dwarves 2 homunculi a kobold shaman 4 hill orcs 10 rothes 2 rabid rats 2 centipedes 2 giant bats 5 orc zombies 9 dwarf zombies 5 wererats 4 werejackals 15 iguanas 3 killer bees 3 acid blobs a coyote 2 gas spores 3 hobbits 8 manes 3 large kobolds 5 hobgoblins 9 giant rats 13 cave spiders 4 brown molds 2 yellow molds a green mold 51 gnomes 2 garter snakes 2 gnome zombies 13 geckos 17 jackals 3 foxes 4 kobolds 5 goblins 5 sewer rats 13 grid bugs 2 bats 5 lichens 13 newts 523 creatures vanquished. No species were genocided or became extinct. Voluntary challenges: You read items or engraved 40 times. You engraved Elbereth 16 times. You never genocided any monsters. You never polymorphed an object. You used no wishes. You did not violate any of the special Sokoban rules. Achievements: You entered a shop. You attained the rank of Field Worker. You entered the Gnomish Mines. You entered Minetown. You entered a temple. You attained the rank of Investigator. You entered Sokoban. You attained the rank of Exhumer. The Dungeons of Doom: levels 1 to 9 Level 1: A fountain, a grave. Level 2: An armor shop, an altar. Level 3: A general store. Stairs down to The Gnomish Mines. Level 4: "s" Level 5: A fountain, a sink. Level 6: A fountain. Level 7: Many fountains. Oracle of Delphi. Level 8: Stairs up to Sokoban, level 7. Level 9: The Gnomish Mines: levels 4 to 11 Level 4: Level 5: Level 6: A shop, a temple and an altar to Quetzalcoatl, many fountains. Level 7: Level 8: Level 9: Level 10: Level 11: Some fountains. Sokoban: levels 7 up to 4 Level 4: <- You were here. Solved. Final resting place for you, killed by a housecat, while frozen by a floating eye's gaze. Level 5: Solved. Level 6: Solved. Level 7: Solved. Game over: ---------- / \ / REST \ / IN \ / PEACE \ / \ | walls | | 290 Au | | killed by a | | housecat | | | | | | 2024 | *| * * * | * _________)/\\_//(\/(/\)/\//\/|_)_______ Goodbye walls the Archeologist... You died in Sokoban on dungeon level 4 with 33977 points, and 290 pieces of gold, after 22308 moves. You were level 10 with a maximum of 114 hit points when you died.